 Dungeon Crawl Stone Soup version 0.25.1-1-g288607f5aa (webtiles) character file.

Game seed: 13370179511630021582

840 BledDest the Covert (level 7, -3/36 HPs)
             Began as a Spriggan Assassin on July 28, 2020.
             Slain by Duvessa
             ... wielding a +0 rapier
              (13 damage)
             ... on level 4 of the Dungeon.
             The game lasted 00:13:20 (5668 turns).

BledDest the Covert (Spriggan Assassin)             Turns: 5668, Time: 00:13:21

Health: -3/36      AC:  3    Str:  8    XL:     7   Next: 67%
Magic:  8/8        EV: 20    Int: 13    God:
Gold:   232        SH:  0    Dex: 18    Spells: 6/6 levels left

rFire    . . .     SeeInvis +   t - +1 short sword (freeze)
rCold    . . .     Gourm    .   (shield restricted)
rNeg     . . .     Faith    .   b - +0 robe
rPois    .         Spirit   .   (helmet restricted)
rElec    .         Reflect  .   c - +0 cloak
rCorr    .         Harm     .   (gloves unavailable)
MR       +....                  (boots unavailable)
Stlth    +++++.....             (no amulet)
HPRegen  0.12/turn              (no ring)
MPRegen  0.11/turn              (no ring)

@: very quick
A: very small, unfitting armour, see invisible, herbivore, speed 3, slow
metabolism 2
a: no special abilities


You were on level 4 of the Dungeon.
You were not hungry.

You visited 1 branch of the dungeon, and saw 4 of its levels.

You collected 232 gold pieces.

Inventory:

Hand Weapons
 a - a +2 dagger
 q - a +1 hunting sling of flaming
 t - a +1 short sword of freezing (weapon)
 v - a +2 antimagic hand axe
Missiles
 d - 6 poisoned darts
 e - 2 curare-tipped darts
 o - 3 atropa-tipped darts (quivered)
 s - 4 sling bullets
Armour
 b - a +0 robe (worn)
 c - a +0 cloak (worn)
Jewellery
 m - an uncursed amulet of faith
 u - an uncursed amulet of magic regeneration
Scrolls
 i - a scroll of enchant weapon {unknown}
 l - 2 scrolls of fog
 n - 2 scrolls of teleportation
 p - a scroll of enchant armour {unknown}
 r - a scroll of random uselessness {unknown}
 x - a scroll of immolation {unknown}
 y - a scroll of remove curse
Potions
 g - a potion of might
 h - a potion of curing {unknown}
 j - 3 potions of haste
 k - a potion of cancellation
 w - a potion of lignification {unknown}
Comestibles
 f - 6 rations


   Skills:
 + Level 3.1 Fighting
 - Level 2.1 Short Blades
 + Level 3.6(4.0) Slings
 - Level 2.0(2.8) Throwing
 + Level 4.9 Dodging
 + Level 11.4 Stealth


You had 6 spell levels left.
You didn't know any spells.
Your spell library was empty.

Dungeon Overview and Level Annotations

Branches:
Dungeon (4/15)
 Temple: D:4-7

Altars:
Hepliaklqana
Makhleb
Qazlal
Uskayaw

Annotations:
D:4 Duvessa


Innate Abilities, Weirdness & Mutations

You are very small and have problems with some larger weapons.
You are too small for most types of armour.
You have supernaturally acute eyesight. (SInv)
You are a herbivore.
You cover ground extremely quickly.
You need to consume almost no food.


Message History

Throwing (i - inventory. (/) - cycle)
o - 5 atropa-tipped darts (quivered)
Press: ? - help, Shift-Dir - straight line, f/p - Duvessa
Aim: Duvessa, wielding a +0 rapier, wearing a +0 leather armour and carrying a wand of random effects (17) (severely wounded, chance to blind on hit: 86%)
You throw an atropa-tipped dart.
The atropa-tipped dart barely misses Duvessa.
Duvessa hits you with a +0 rapier.
* * * LOW HITPOINT WARNING * * *
Throwing (i - inventory. (/) - cycle)
o - 4 atropa-tipped darts (quivered)
Press: ? - help, Shift-Dir - straight line, f/p - Duvessa
Aim: Duvessa, wielding a +0 rapier, wearing a +0 leather armour and carrying a wand of random effects (17) (severely wounded, chance to blind on hit: 86%)
You throw an atropa-tipped dart. The atropa-tipped dart hits Duvessa.
Duvessa appears confused.
Duvessa is severely wounded.
You hit Duvessa. You freeze Duvessa.
Duvessa is severely wounded.
Duvessa seems less confused.
Duvessa misses you.
You hit Duvessa but do no damage.
Duvessa is severely wounded.
Duvessa hits you with a +0 rapier!
You die...

...# #.....# #.# ####§§§ ##.#
###.....# #.# #.###PPPP##.# #.#
##.##.P≈≈≈≈..## #.# ####
...##≈≈≈♣≈≈≈≈P###### #.# #..#
.#.#.P≈♣♣♣≈≈P##....# #.# #..#
.#[P.≈P♣ ♣♣≈P##....# #.# #..##
##.P≈P≈♣ ♣≈≈.##e...# #.# #...#
#.P.≈≈♣♣♣≈P'##.@..####.###...###
##..PP≈P≈≈≈((.((.(...............
....#P≈≈≈P≈≈..#....####.#########
###.##PPP≈≈...###### #.#
#.###.......# #.# #........####
#.# #####....# #.# ###### #.# #.#


You could see Duvessa (blind).

Vanquished Creatures
  2 ogres
  A scorpion (D:4)
  Dowan (D:4)
  3 wights (D:2)
  A hound (D:4)
  A centaur zombie (D:4)
  An orc priest (D:3)
  A centaur skeleton (D:4)
  A bullfrog skeleton (D:4)
  2 orc wizards (D:4)
  3 worker ants (D:4)
  Robin (D:2)
  3 adders
  6 gnolls (D:2)
  A worm (D:2)
  3 dart slugs
  3 leopard geckos
  5 orcs
  3 giant cockroaches
  11 hobgoblins
  A quokka (D:4)
  2 ball pythons
  6 bats
  6 frilled lizards
  17 goblins
  4 kobolds
  A quokka skeleton (D:4)
  7 rats
  A plant (D:4)
98 creatures vanquished.

Notes
Turn   | Place    | Note
-------+----------+-------------------------------------------
     0 | D:1      | BledDest the Spriggan Assassin began the quest for the Orb.
     0 | D:1      | Reached XP level 1. HP: 10/10 MP: 2/2
    58 | D:1      | Reached skill level 6 in Stealth
   314 | D:1      | Reached XP level 2. HP: 14/14 MP: 3/3
   487 | D:1      | Reached skill level 7 in Stealth
   940 | D:2      | Found a hide-covered altar of Uskayaw.
  1007 | D:2      | Reached XP level 3. HP: 18/18 MP: 4/4
  1092 | D:2      | Reached skill level 8 in Stealth
  1549 | D:2      | Reached XP level 4. HP: 19/22 MP: 5/5
  1717 | D:2      | Noticed Robin
  1769 | D:2      | Killed Robin
  1776 | D:2      | Reached skill level 9 in Stealth
  2150 | D:3      | Noticed an ogre
  2154 | D:3      | Killed an ogre
  2154 | D:3      | Reached skill level 10 in Stealth
  2154 | D:3      | Reached XP level 5. HP: 25/25 MP: 6/6
  2875 | D:2      | Reached skill level 1 in Slings
  2875 | D:2      | Reached XP level 6. HP: 13/30 MP: 7/7
  3334 | D:3      | Found a burning altar of Makhleb.
  4834 | D:4      | Reached skill level 11 in Stealth
  4834 | D:4      | Reached XP level 7. HP: 35/35 MP: 8/8
  5029 | D:4      | Noticed Duvessa
  5029 | D:4      | Noticed Dowan
  5049 | D:4      | Killed Dowan
  5344 | D:4      | Found a hazy altar of Hepliaklqana.
  5469 | D:4      | Found a stormy altar of Qazlal.
  5668 | D:4      | Slain by Duvessa

Illustrated notes

Levels and vault maps discovered:
D:1:      evilmike_arrival_hilbert_curve, layout_loops_corners,
          minmay_pentomino_o2
D:2:      layout_loops_ring, minivault_26, lemuel_altar_in_water, uniq_robin
D:3:      layout_loops_ring, old_standard_altar, first_ration
D:4:      layout_basic, nicolae_qazlal_eye_of_the_storm,
          overflow_temple_1_default, serial_bayou, serial_bayou_crossing,
          serial_bayou_pond_d, serial_bayou_pond_e, serial_bayou_pond_c,
          minmay_quantized, uniq_duvessa

Skill      XL: |  1  2  3  4  5  6  7 |
---------------+----------------------+-----
Stealth        | 6 7 8 10 11 | 11.4
Dodging        | 2 3 4 |  4.9
Slings         | 1 2 3 |  3.6
Fighting       | 2 3 |  3.1
Short Blades   | |  2.1
Throwing       | |  2.0

Action                   |  1- 3 |  4- 6 |  7- 9 || total
-------------------------+-------+-------+-------++-------
Melee: Dagger            |    92 |    79 |       ||   171
       Short sword       |       |    14 |    67 ||    81
 Fire: Hunting sling     |       |    91 |    60 ||   151
Throw: Dart              |     7 |    19 |     2 ||    28
  Use: Scroll            |     5 |     1 |       ||     6
       Potion            |       |     1 |       ||     1
 Stab: Sleeping          |    12 |     6 |     7 ||    25
       Invisible         |     1 |       |       ||     1
  Eat: Ration            |       |     1 |       ||     1
Armor: Robe              |     8 |     9 |     1 ||    18
Dodge: Dodged            |    58 |    52 |    37 ||   147
